 Dungeon Crawl Stone Soup version 0.30-a0-330-g8f2769a82d (webtiles) character file.

Game seed: 12602013746766288148

23 PentaManta the Changer (level 3, -1/26 HPs)
             Began as a Merfolk Transmuter on Oct 29, 2022.
             Slain by an ogre
             ... wielding a +0 giant club
              (27 damage)
             ... on level 2 of the Dungeon.
             The game lasted 00:02:35 (994 turns).

PentaManta the Changer (Merfolk Transmuter)          Turns: 994, Time: 00:02:36

Health: -1/26      AC:  2    Str: 10    XL:     3   Next: 0%
Magic:  3/6        EV: 20    Int: 14    God:
Gold:   61         SH:  0    Dex: 19    Spells: 0/6 levels left

rFire   . . .      SeeInvis .      - Unarmed
rCold   . . .      Faith    .    (shield currently unavailable)
rNeg    . . .      Spirit   .    (body armour currently unavailable)
rPois   x          Reflect  .    (helmet currently unavailable)
rElec   .          Harm     .    (cloak currently unavailable)
rCorr   .          Rampage  .    (gloves currently unavailable)
Will    .....                    (boots currently unavailable)
Stlth   ++........               (no amulet)
HPRegen 0.24/turn                (no ring)
MPRegen 0.10/turn                (no ring)

@: spider-form
A: venomous fangs, tiny, (nimble swimmer 2), (mertail)
a: End Transformation


You were on level 2 of the Dungeon.
You were a venomous arachnid creature.
You visited 1 branch of the dungeon, and saw 3 of its levels.

You collected 61 gold pieces.

Inventory:

Missiles
 d - 19 stones
Armour
 a - a +0 robe (melded)
 i - a +0 leather armour
Scrolls
 e - a scroll of immolation
 k - 2 scrolls of amnesia
Potions
 b - 3 potions of lignification
 f - a potion of invisibility {unknown}
 g - a potion of degeneration {unknown}
 h - a potion of flight {unknown}
 j - a potion of curing {unknown}
 l - a potion of brilliance {unknown}


   Skills:
 - Level 1.1 Fighting
 - Level 2.6 Dodging
 - Level 3.2 Unarmed Combat
 - Level 2.0 Spellcasting
 + Level 4.5 Transmutations


You couldn't memorise any spells.
You knew the following spells:

 Your Spells              Type           Power      Damage    Failure   Level
a - Beastly Appendage     Tmut           28%        N/A       12%         1
b - Spider Form           Tmut/Pois      7%         N/A       50%         3
c - Wereblood             Tmut           14%        N/A       16%         2

Your spell library contained the following spells:

 Spells                   Type           Power      Damage    Failure   Level
 Ice Form                 Ice/Tmut       7%         N/A       85%         4


Dungeon Overview and Level Annotations

Branches:
Dungeon (3/15)

Altars:


Innate Abilities, Weirdness & Mutations

You are a venomous arachnid creature.
You have poisonous fangs.
You are tiny and dextrous.
Your spellcasting is less reliable in this form.
Your armour is entirely melded.
You are incapable of wielding weapons or throwing items.
((You are very nimble when in or above water. (Stealth+, EV+, Speed+++)))
((Your lower body shifts to a powerful aquatic tail in water.))


Message History

There is an open door here.
You now have 61 gold pieces (gained 10).
You open the door.
An ogre comes into view. It is wielding a +0 giant club.
The ogre shouts!
You grow a pair of large bovine horns.
An endoplasm comes into view.
Okay, then.
There is an open door here.
Your transformation is almost over.
There is a stone staircase leading down here.
You climb downwards.
You hear the sound of rushing water.
There is an entrance to a sewer on this level.
Hurry and find it before the portal rusts away!
There is a stone staircase leading up here.
As you read the scroll labelled PABAIL XIWNAWK, it crumbles to dust.
It is a scroll of identify.
k - 2 scrolls of amnesia
As you read the scroll of identify, it crumbles to dust.
e - a scroll of immolation
Okay, then.
This spell is extremely dangerous to cast!
Memorise Spider Form, consuming 3 spell levels and leaving 2?
You start memorising the spell.
You continue memorising. x3
Your horns disappear.
You finish memorising.
Spell assigned to 'b'.
Memorise Wereblood, consuming 2 spell levels and leaving 0?
You start memorising the spell.
You continue memorising. x2
You finish memorising.
Spell assigned to 'c'.
Casting: Beastly Appendage (safe; 3% risk of failure)
Confirm with . or Enter, or press ? or * to list all spells.
The spell is extremely dangerous to miscast (28% risk of failure)!
Continue anyway?
Uppercase [Y]es or [N]o only, please.
The spell is extremely dangerous to miscast (28% risk of failure)!
Continue anyway?
You turn into a venomous arachnid creature.
Your +0 robe melds into your body.
You climb upwards.
The ogre hits you with a +0 giant club!!
Ouch! That really hurt!
You die...

#########....#####
#.............#
#.########...## #.#
##.## #.# #.# #.#
#.# #.# ##+##
####O##### ##...##
#...s....###.....##
#.##.###.##.......##
#.#..J##.#.........#
#........'.........+
#.#...##.#J........#
#...#.##.##..[....##
#........###.....##
#.######## ##J..##
#. ##'##


You could see an ogre and an endoplasm.

Vanquished Creatures
  A dart slug (D:1)
  2 endoplasms (D:1)
  A goblin (D:1)
  A hobgoblin (D:1)
  4 jackals (D:1)
  A ball python (D:1)
  2 bats (D:1)
  2 frilled lizards (D:1)
  5 kobolds
  2 rats (D:1)
21 creatures vanquished.

Notes
Turn   | Place    | Note
-------+----------+-------------------------------------------
     0 | D:1      | PentaManta the Merfolk Transmuter began the quest for the
                  | Orb.
     0 | D:1      | Reached XP level 1. HP: 15/15 MP: 3/3
    92 | D:1      | Reached skill level 3 in Transmutations
   123 | D:1      | Reached XP level 2. HP: 20/21 MP: 5/5
   203 | D:1      | Reached skill level 4 in Transmutations
   718 | D:2      | Found a faded altar of an unknown god.
   891 | D:2      | Reached XP level 3. HP: 21/26 MP: 4/6
   968 | D:2      | Noticed an ogre
   989 | D:3      | Learned a level 3 spell: Spider Form
   992 | D:3      | Learned a level 2 spell: Wereblood
   994 | D:2      | Slain by an ogre

Illustrated notes

Levels and vault maps discovered:
D:1:      dpeg_arrival_tiny_i, layout_basic, minmay_distorted
D:2:      minmay_angry_zag, layout_loops_corners,
          hellmonk_ecumenical_altar_zigzags
D:3:      kennysheep_the_goblin_king, layout_loops_ring,
          okawaru_metal_pillars_1_2, mainiacjoe_overflow_alcove_1,
          portal_sewer_entry_a, serial_shops, shop, kennysheep_generic_room_13

Skill      XL: |  1  2 |
---------------+-------+-----
Transmutations | 3 4 |  4.5
Fighting       | |  1.1
Dodging        | |  2.6
Unarmed Combat | |  3.2
Spellcasting   | |  2.0

Action                   || total
-------------------------++-------
Melee: Unarmed           ||    66
       Headbutt          ||     9
       Punch             ||     1
 Cast: Beastly Appendage ||    15
       Spider Form       ||     1
  Use: Scroll            ||     2
Armor: Robe              ||     9
Dodge: Dodged            ||    37

Table legend: (Time is in decaauts)
 A = Elapsed time spent in this place.
 B = Non-inter-level travel time spent in this place.
 C = Inter-level travel time spent in this place.
 D = Time resting spent in this place.
 E = Time spent auto-exploring this place.
 F = Levels seen in this place.
 G = Mean time per level.
                   A        B        C        D        E       F      G
               +--------+--------+--------+--------+--------+-----+--------+
         Total |    989 |    956 |     33 |     45 |    683 |   3 |  329.7 |
       Dungeon |    989 |    956 |     33 |     45 |    683 |   3 |  329.7 |
               +--------+--------+--------+--------+--------+-----+--------+

Top non-repeatable levels by time:
     D:1: 658 daAuts
     D:2: 319 daAuts
     D:3: 11 daAuts
